 Dungeon Crawl Stone Soup version 0.29-a0-398-ge13fd1374b (webtiles) character file.

Game seed: 5480466280775347540

187 zishaf the Grasshopper (level 5, -1/41 HPs)
             Began as a Barachi Warper on May 12, 2022.
             Was an Initiate of Hepliaklqana.
             Shot with a bolt by a kobold (3 damage)
             ... on level 4 of the Dungeon.
             The game lasted 00:07:02 (5379 turns).

zishaf the Grasshopper (Barachi Warper)             Turns: 5379, Time: 00:07:03

Health: -1/41      AC:  4    Str: 13    XL:     5   Next: 66%
Magic:  9/9        EV: 12    Int: 15    God:    Hepliaklqana [......]
Gold:   163        SH:  0    Dex: 11    Spells: 4/9 levels left

rFire   . . .      SeeInvis .   a - +0 falchion
rCold   . . .      Faith    .   (no shield)
rNeg    + . .      Spirit   .   i - +0 leather armour
rPois   .          Reflect  .   (no helmet)
rElec   .          Harm     .   (no cloak)
rCorr   .          Rampage  .   (no gloves)
Will    .....                   n - +0 pair of boots
Stlth   +.........              (no amulet)
HPRegen 0.13/turn               s - ring of positive energy
MPRegen 0.11/turn               (no ring)

@: unable to hop, slow
A: amphibious, slowness 1, strong legs 1, +LOS
a: Hop, Renounce Religion


You were on level 4 of the Dungeon.
You worshipped Hepliaklqana.
Hepliaklqana was noncommittal.
You visited 2 branches of the dungeon, and saw 5 of its levels.

You collected 163 gold pieces.

Inventory:

Hand Weapons
 a - a +0 falchion (weapon)
 b - a +0 hunting sling
Missiles
 d - 3 boomerangs of dispersal (quivered)
Armour
 i - a +0 leather armour (worn)
 n - a +0 pair of boots (worn)
Jewellery
 s - a ring of positive energy (left hand)
Scrolls
 c - 2 scrolls of blinking
 f - a scroll of vulnerability {unknown}
 g - a scroll of noise {unknown}
 h - 7 scrolls of identify {unknown}
 l - 3 scrolls of amnesia {unknown}
 p - a scroll of poison {unknown}
 q - a scroll of immolation {unknown}
 t - a scroll of fear {unknown}
Potions
 e - 2 potions of brilliance {unknown}
 j - a potion of ambrosia {unknown}
 k - a potion of curing {unknown}
 m - 2 potions of flight {unknown}
 o - 2 potions of degeneration {unknown}
 r - a potion of mutation {unknown}


   Skills:
 + Level 3.5 Fighting
 + Level 3.3 Long Blades
 - Level 2.0 Throwing
 - Level 2.4 Armour
 - Level 3.0 Dodging
 + Level 2.9 Spellcasting
 + Level 4.1 Translocations


You had 4 spell levels left.
You knew the following spells:

 Your Spells              Type           Power      Damage    Failure   Level
a - Blink                 Tloc           28%        N/A       7%          2
b - Teleport Other        Tloc           14%        N/A       14%         3

Your spell library contained the following spells:

 Spells                   Type           Power      Damage    Failure   Level
 Gell's Gravitas          Tloc           14%        N/A       14%         3
 Lesser Beckoning         Tloc           14%        N/A       14%         3
 Manifold Assault         Tloc           14%        N/A       78%         5


Dungeon Overview and Level Annotations

Branches:
Dungeon (4/15)             Temple (1/1) D:4

Altars:
Ashenzari
Cheibriados
Dithmenos
Elyvilon
Gozag
Hepliaklqana
Qazlal
Sif Muna
Trog
Wu Jian
Yredelemnul
Zin
The Shining One

Shops:
D:2 :


Innate Abilities, Weirdness & Mutations

You are amphibious.
You cover ground slowly.
You can hop short distances.
You have an extended range of vision and can be seen from far away.


Message History

The orc wizard closely misses you.
Throw: 7 boomerangs (disperse)
Press: ? - help, Q - select action, (/) - cycle Shift-Dir - straight line, f - orc wizard
Aim: an orc wizard, wielding a +0 dagger and wearing a +0 robe (heavily wounded, 50% to hit)
You throw a boomerang of dispersal.
The boomerang of dispersal hits the orc wizard.
The orc wizard blinks!
The orc hits you with a +2 short sword of venom.
* * * LOW HITPOINT WARNING * * *
Throw: 6 boomerangs (disperse)
Press: ? - help, Q - select action, (/) - cycle Shift-Dir - straight line, f/p - orc wizard
Aim: an orc wizard, wielding a +0 dagger and wearing a +0 robe (severely wounded, 50% to hit)
You throw a boomerang of dispersal.
The boomerang of dispersal hits the orc.
The orc blinks!
The orc wizard mumbles some strange words.
The orc wizard flickers and vanishes!
Deactivating autopickup; reactivate with Ctrl-A.
Throw: 5 boomerangs (disperse)
Press: ? - help, Q - select action, (/) - cycle Shift-Dir - straight line, f - orc
Aim: an orc, wielding a +0 whip and wearing a +0 leather armour (moderately wounded, 57% to hit)
You throw a boomerang of dispersal.
The boomerang of dispersal barely misses the orc.
The orc barely misses you.
Throw: 4 boomerangs (disperse)
Press: ? - help, Q - select action, (/) - cycle Shift-Dir - straight line, f/p - orc
Aim: an orc, wielding a +0 whip and wearing a +0 leather armour (moderately wounded, 57% to hit)
You throw a boomerang of dispersal.
The boomerang of dispersal hits the orc.
The orc blinks!
You kill the orc!
Hop to where?
Press: ? - help, Dir - move target Boing!
A kobold comes into view. It is wielding a +0 dagger.
The kobold unwields a +0 dagger.
The kobold wields a +0 hand crossbow.
The kobold shoots a bolt.
The bolt hits you.
* * * LOW HITPOINT WARNING * * *
Found a ring mail.
The kobold shoots a bolt.
The bolt hits you.
You die...

##...####..###### # .....
#......###......# .# #
#.... ##..#.........#
[#.# :... #...#.........#
..... .. ##..##......o).#
....#. ....##........{#
#...K..
..)###...###...###.......
...# #.⌠.# #..........#
...###...###....@.#...#
................#.<......
....⌠..>..⌠.........####.
###............######
####...###.### #.⌠.#
##### ###...####...
#..........# #.........##


You could see an orc and a kobold.

Vanquished Creatures
  A necrophage (D:4)
  5 adders
  2 worms
  A dart slug (D:1)
  3 orcs
  5 endoplasms
  A giant cockroach (D:4)
  7 goblins
  11 hobgoblins
  2 quokkas
  9 ball pythons
  9 bats
  6 frilled lizards
  6 kobolds
  3 rats
71 creatures vanquished.

Vanquished Creatures (others)
  A hobgoblin (D:3)
1 creature vanquished.

Grand Total: 72 creatures vanquished

Notes
Turn   | Place    | Note
-------+----------+-------------------------------------------
     0 | D:1      | zishaf the Barachi Warper began the quest for the Orb.
     0 | D:1      | Reached XP level 1. HP: 17/17 MP: 3/3
    43 | D:1      | Reached XP level 2. HP: 8/23 MP: 5/5
   469 | D:1      | Found a faded altar of an unknown god.
  1205 | D:2      | Reached XP level 3. HP: 28/28 MP: 6/6
  1483 | D:2      | Learned a level 2 spell: Blink
  1487 | D:2      | Learned a level 3 spell: Teleport Other
  2288 | D:2      | Reached XP level 4. HP: 34/34 MP: 7/7
  2354 | D:2      | Found Naromem's Book Boutique.
  4063 | D:4      | Found a staircase to the Ecumenical Temple.
  4095 | Temple   | Entered the Ecumenical Temple
  4366 | Temple   | Became a worshipper of Hepliaklqana the Forgotten
  4578 | D:3      | Reached XP level 5. HP: 13/41 MP: 9/9
  5019 | D:4      | Reached skill level 4 in Translocations
  5369 | D:4      | HP: 2/41 [orc/+2 short sword of venom (3)]
  5378 | D:4      | HP: 2/41 [kobold/bolt (1)]
  5379 | D:4      | Shot with a bolt by a kobold

Illustrated notes

Levels and vault maps discovered:
D:1:      minmay_arrival_shattered_statue, layout_basic, serial_corexii_hall,
          corexii_hall_statues_i, corexii_hall_statues_u,
          chequers_hall_statues_wall_a, shapermc_ecumenical_altar_hornbeckon
D:2:      layout_basic, serial_shops, nicolae_shop_hallway_stairs,
          minmay_indecisive_spiral
D:3:      layout_basic, minmay_goblin_outpost
D:4:      layout_rooms, minmay_temple_entry_junction,
          ebering_ghost_disaster_area
Temple:   nicolae_temple_x_marks_the_god

Skill      XL: |  1  2  3  4  5 |
---------------+----------------+-----
Armour         | 2 |  2.4
Fighting       | 3 |  3.5
Long Blades    | 3 |  3.3
Throwing       | 2 |  2.0
Dodging        | 3 |  3.0
Translocations | 4 |  4.1
Spellcasting   | |  2.9

Action                   |  1- 3 |  4- 6 || total
-------------------------+-------+-------++-------
Melee: Falchion          |   138 |   180 ||   318
       Punch             |     1 |     4 ||     5
 Fire: Hunting sling     |       |     4 ||     4
Throw: Boomerang         |       |     4 ||     4
 Cast: Teleport Other    |       |     6 ||     6
 Abil: Hop               |       |     3 ||     3
Armor: Leather armour    |    55 |    54 ||   109
Dodge: Dodged            |   122 |   149 ||   271

Table legend: (Time is in decaauts)
 A = Elapsed time spent in this place.
 B = Non-inter-level travel time spent in this place.
 C = Inter-level travel time spent in this place.
 D = Time resting spent in this place.
 E = Time spent auto-exploring this place.
 F = Levels seen in this place.
 G = Mean time per level.
                   A        B        C        D        E       F      G
               +--------+--------+--------+--------+--------+-----+--------+
         Total |   5812 |   5764 |     48 |   1188 |   3712 |   5 | 1162.4 |
       Dungeon |   5530 |   5482 |     48 |    925 |   3712 |   4 | 1382.5 |
        Temple |    282 |    282 |      0 |    263 |      0 |   1 |  282.0 |
               +--------+--------+--------+--------+--------+-----+--------+

Top non-repeatable levels by time:
     D:3: 2104 daAuts
     D:2: 1515 daAuts
     D:1: 1318 daAuts
     D:4: 591 daAuts
  Temple: 282 daAuts
